 Dungeon Crawl Stone Soup version 0.24-a0-420-g24607be9ce (webtiles) character file.

Game seed: 13337092834797543840

4 wilfster70 the Magician (level 1, 0/15 HPs)
             Began as a Human Wanderer on June 11, 2019.
             Slain by a frilled lizard (3 damage)
             ... on level 1 of the Dungeon.
             The game lasted 00:00:53 (83 turns).

wilfster70 the Magician (Human Wanderer)              Turns: 83, Time: 00:00:54

Health: 0/15       AC:  2    Str: 12    XL:     1   Next: 77%
Magic:  3/3        EV: 11    Int: 15    God:
Gold:   0          SH:  0    Dex:  9    Spells: 3/4 levels left

rFire    . . .     SeeInvis .   a - +4 whip
rCold    . . .     Gourm    .   (no shield)
rNeg     . . .     Faith    .   d - +0 robe
rPois    .         Spirit   .   (no helmet)
rElec    .         Reflect  .   (no cloak)
rCorr    .         Harm     .   (no gloves)
MR       .....                  (no boots)
Stlth    +.........             (no amulet)
HPRegen  0.05/turn              (no ring)
MPRegen  0.08/turn              (no ring)

@: no status effects
A: no striking features
a: no special abilities


You were on level 1 of the Dungeon.
You were not hungry.

You visited 1 branch of the dungeon, and saw 1 of its levels.

Inventory:

Hand Weapons
 a - a +4 whip (weapon)
Armour
 d - a +0 robe (worn)
Potions
 b - a potion of curing
Comestibles
 f - a ration


   Skills:
 + Level 1.1 Fighting
 - Level 1.0 Dodging
 - Level 1.0 Stealth
 - Level 1.0 Unarmed Combat
 + Level 2.1 Spellcasting
 * Level 0.7 Conjurations
   Level 2.0 Transmutations
   Level 1.0 Poison Magic
   Level 1.0 Evocations


You had 3 spell levels left.
You knew the following spells:

 Your Spells              Type           Power        Failure   Level  Hunger
a - Magic Dart            Conj           #...         17%         1    #......

Your spell library contained the following spells:

 Spells                   Type           Power        Failure   Level  Hunger
 Sticks to Snakes         Tmut           #.......     14%         2    ###....
 Passwall                 Tmut/Erth      #.......     22%         2    ###....
 Blink                    Tloc           N/A          32%         2    ###....
 Call Imp                 Summ           #.......     32%         2    ###....
 Slow                     Hex            #.......     32%         2    ###....
 Mephitic Cloud           Conj/Pois/Air  #.......     45%         3    ###....
 Conjure Flame            Conj/Fire      #.......     50%         3    ###....


Dungeon Overview and Level Annotations

Branches:
Dungeon (1/15)

Altars:


Message History

You closely miss the giant cockroach.
The giant cockroach is almost dead.
The giant cockroach bites you.
* * * LOW HITPOINT WARNING * * *
You closely miss the giant cockroach.
The giant cockroach is almost dead.
The giant cockroach barely misses you.
You hit the giant cockroach.
You kill the giant cockroach!
The rat twitches its whiskers.
The kobold hits you with a +0 dagger.
* * * LOW HITPOINT WARNING * * *
You barely miss the kobold. The kobold closely misses you.
You see here a goblin corpse.
Found a ration.
A dart slug comes into view.
You see here 31 stones.
You see here a +0 club.
The frilled lizard bites you.
You die...

# ... ... ...... ...!.. ..
..#.....##..#.# .#
##.......##.##.##.##.##
##........##.(..§§w.#...
#..≈≈≈≈..).....≈≈§§.w#####
##.≈≈≈≈≈≈......§≈§§≈§.....##
#..≈≈≈≈≈≈......≈≈><§≈.......
#..≈≈≈≈≈≈..@lg)§.≈≈≈≈.......
#...≈≈≈≈..####Kr≈≈≈≈........
#......## ##.r...........
#......# #.............
.#......## ##..##.........
...........####...###........
...........l.K...#.##.........
..?......r..gr.......g.........
.............)..###.##.........


You could see a hobgoblin, a kobold, a frilled lizard and 2 rats.

Vanquished Creatures
  A leopard gecko (D:1)
  A giant cockroach (D:1)
  A goblin (D:1)
  A rat (D:1)
4 creatures vanquished.

Notes
Turn   | Place    | Note
-------+----------+-------------------------------------------
     0 | D:1      | wilfster70 the Human Wanderer began the quest for the Orb.
     0 | D:1      | wilfster70 set off with the following items: a +0 club, a
                  | potion of curing, a +0 robe, a ration; and the following
                  | spell memorised: Magic Dart; and the following spells
                  | available to memorise: Sticks to Snakes, Passwall, Blink,
                  | Call Imp, Slow, Mephitic Cloud, Conjure Flame
     0 | D:1      | Reached XP level 1. HP: 15/15 MP: 3/3
    83 | D:1      | Slain by a frilled lizard

Levels and vault maps discovered:
D:1:      dpeg_arrival_pits, layout_rooms, roderic_roman_lattice

Action                   || total
-------------------------++-------
Melee: Whip              ||    15
Armor: Robe              ||     5
Dodge: Dodged            ||    12

Table legend:
 A = Non-vault XP
 B = Vault XP
 C = Vault XP percentage of total XP
 D = Non-vault monster count
 E = Vault monster count
 F = Vault count percentage of total count
                 A         B        C        D         E       F
            +---------+---------+-------+---------+---------+-------
      Total |       7 |       0 |   0.0 |       4 |       0 |   0.0
            +---------+---------+-------+---------+---------+-------
        D:1 |       7 |       0 |   0.0 |       4 |       0 |   0.0
            +---------+---------+-------+---------+---------+-------
